PBL
WASHINGTON NATIONALS @ CHICAGO CUBS
05/14/2071
 
TOP OF THE 1ST
Washington Nationals batting - Pitching for Chicago Cubs : RHP José Sierra
Pitching: RHP José Sierra
Batting: RHB Cisco Jiménez 0-0: Fly out, F7 (Line Drive, 7, EV 88.1 MPH)
Batting: LHB Gabriel Chacón 0-0: Swinging Strike
0-1: Ball
1-1: Called Strike
1-2: Ball
2-2: Foul Ball, location: 25F
2-2: Ball
3-2: Fly out, F9 (Flyball, 9D, EV 86.9 MPH)
Batting: RHB Francisco Lafrosia 0-0: Ball
1-0: Called Strike
1-1: DOUBLE (Flyball, 78XD, EV 98.8 MPH)
Batting: LHB Kyle Lynch 0-0: Foul Ball, location: 2F
0-1: Called Strike
0-2: Strikes out swinging
Top of the 1st over - 0 runs, 1 hit, 0 errors, 1 left on base; Washington 0 - Chicago 0
BOTTOM OF THE 1ST
Chicago Cubs batting - Pitching for Washington Nationals : RHP Billy Kemper
Pitching: RHP Billy Kemper
Batting: LHB Orlando Melero 0-0: Called Strike
0-1: Foul Ball, location: 7LSF
0-2: Foul Ball, location: 3FF
0-2: Ball
1-2: Ground out 4-3 (Groundball, 4D, EV 98.8 MPH)
Batting: LHB Yan Peltier 0-0: Ball
1-0: Ball
2-0: Swinging Strike
2-1: Ball
3-1: Base on Balls
Batting: SHB Jesús Mora 0-0: Ball
1-0: Ball
2-0: DOUBLE (Groundball, 5L, EV 99.4 MPH)
Yan Peltier to third
Batting: SHB George Moore 0-0: Swinging Strike
0-1: Ball
1-1: Fly out, F8 (Flyball, 89D, EV 91.9 MPH)
Runner from 3rd tags up, SCORES, no throw by CF
Batting: RHB Pedro Hernández 0-0: Foul Ball, location: 2LF
0-1: Ball
1-1: Foul Ball, location: 2F
1-2: Ball
2-2: SINGLE (Line Drive, 34D, EV 95.0 MPH)
Jesús Mora to third
Runner from 3rd tries for Home, SAFE, throw by RF to home
Batting: RHB Robert Picot 0-0: Called Strike
0-1: Called Strike
0-2: Ball
1-2: Ball
2-2: Strikes out looking
Bottom of the 1st over - 2 runs, 2 hits, 0 errors, 1 left on base; Washington 0 - Chicago 2
TOP OF THE 2ND
Washington Nationals batting - Pitching for Chicago Cubs : RHP José Sierra
Batting: LHB Iemochi Sasaki 0-0: Foul Ball, location: 2F
0-1: Foul Ball, location: 23F
0-2: Foul Ball, location: 2F
0-2: Fly out, F8 (Flyball, 8RM, EV 80.0 MPH)
Batting: RHB Shao-qi Ng 0-0: Foul Ball, location: 25F
0-1: Fly out, F5 (Line Drive, 6, EV 83.1 MPH)
Batting: RHB Rusty Tucker 0-0: Ball
1-0: Ball
2-0: Called Strike
2-1: Fly out, F8 (Line Drive, 8RS, EV 89.4 MPH)
Top of the 2nd over - 0 runs, 0 hits, 0 errors, 0 left on base; Washington 0 - Chicago 2
BOTTOM OF THE 2ND
Chicago Cubs batting - Pitching for Washington Nationals : RHP Billy Kemper
Batting: LHB Larry Johnson 0-0: Called Strike
0-1: Foul Ball, location: 25F
0-2: Ball
1-2: Foul Ball, location: 2F
1-2: Strikes out swinging
Batting: RHB José Rodríguez 0-0: Called Strike
0-1: Called Strike
0-2: Fly out, F9 (Line Drive, 9LS, EV 105.6 MPH)
Batting: RHB Eddie Brown 0-0: DOUBLE (Line Drive, 89D, EV 102.5 MPH)
Batting: LHB Orlando Melero 0-0: Ball
1-0: Called Strike
1-1: Ball
2-1: Ground out 6-3 (Groundball, 6, EV 103.1 MPH)
Bottom of the 2nd over - 0 runs, 1 hit, 0 errors, 1 left on base; Washington 0 - Chicago 2
TOP OF THE 3RD
Washington Nationals batting - Pitching for Chicago Cubs : RHP José Sierra
Batting: RHB Aureliano Cervantes 0-0: Ball
1-0: SINGLE (Groundball, 4, EV 105.6 MPH) (infield hit)
Batting: RHB James Cantwell 0-0: DOUBLE (Flyball, 8LXD, EV 97.5 MPH)
Aureliano Cervantes to third
Batting: RHB Cisco Jiménez 0-0: Ball
1-0: Called Strike
1-1: Ball
2-1: Ball
3-1: Fly out, F7 (Flyball, 7, EV 89.4 MPH)
Runner from 3rd tags up, SCORES, no throw by LF
Batting: LHB Gabriel Chacón 0-0: Ball
1-0: Ball
Wild Pitch!
James Cantwell to third
2-0: Swinging Strike
2-1: Foul Ball, location: 5F
2-2: Ball
3-2: Base on Balls
Batting: RHB Francisco Lafrosia 0-0: Foul Ball, location: 9LSF
0-1: Ball
1-1: Fly out, F9 (Flyball, 89D, EV 109.4 MPH)
Runner from 3rd tags up, OUT at HOME! 9-2
Top of the 3rd over - 1 run, 2 hits, 0 errors, 1 left on base; Washington 1 - Chicago 2
BOTTOM OF THE 3RD
Chicago Cubs batting - Pitching for Washington Nationals : RHP Billy Kemper
Batting: LHB Yan Peltier 0-0: Ball
1-0: Foul Ball, location: 7LSF
1-1: Ball
2-1: Foul Ball, location: 2F
2-2: Foul Ball, location: 2F
2-2: Strikes out swinging
Batting: SHB Jesús Mora 0-0: SINGLE (Line Drive, 9LS, EV 92.5 MPH)
Batting: SHB George Moore 0-0: Called Strike
0-1: Ball
1-1: Fly out, F8 (Line Drive, 8RXD, EV 90.0 MPH)
Batting: RHB Pedro Hernández 0-0: Fly out, F7 (Flyball, 8LS, EV 89.4 MPH)
Bottom of the 3rd over - 0 runs, 1 hit, 0 errors, 1 left on base; Washington 1 - Chicago 2
TOP OF THE 4TH
Washington Nationals batting - Pitching for Chicago Cubs : RHP José Sierra
Batting: LHB Kyle Lynch 0-0: Fly out, F9 (Flyball, 9LM, EV 109.4 MPH)
Batting: LHB Iemochi Sasaki 0-0: Ball
1-0: Swinging Strike
1-1: Swinging Strike
1-2: Reached on error, E7 (Line Drive, 7LM, EV 93.1 MPH)
Batting: RHB Shao-qi Ng 0-0: Ground out 6-3 (Groundball, 6S, EV 86.3 MPH)
Iemochi Sasaki to third
Batting: RHB Rusty Tucker 0-0: Called Strike
0-1: Ball
1-1: Ball
2-1: Fly out, F8 (Line Drive, 8RM, EV 88.8 MPH)
Top of the 4th over - 0 runs, 0 hits, 1 error, 1 left on base; Washington 1 - Chicago 2
BOTTOM OF THE 4TH
Chicago Cubs batting - Pitching for Washington Nationals : RHP Billy Kemper
Batting: RHB Robert Picot 0-0: Ball
1-0: Ball
2-0: Fly out, F7 (Flyball, 7S, EV 86.9 MPH)
Batting: LHB Larry Johnson 0-0: Called Strike
0-1: Fly out, F9 (Flyball, 9, EV 91.3 MPH)
Batting: RHB José Rodríguez 0-0: Called Strike
0-1: Ball
1-1: Swinging Strike
1-2: Foul Ball, location: 2F
1-2: Foul Ball, location: 7LMF
1-2: Ball
2-2: Ball
3-2: Strikes out swinging
Bottom of the 4th over - 0 runs, 0 hits, 0 errors, 0 left on base; Washington 1 - Chicago 2
TOP OF THE 5TH
Washington Nationals batting - Pitching for Chicago Cubs : RHP José Sierra
Batting: RHB Aureliano Cervantes 0-0: Called Strike
0-1: Ball
1-1: DOUBLE (Flyball, 78XD, EV 95.0 MPH)
Batting: RHB James Cantwell 0-0: Foul Ball, location: 2F
0-1: 2-RUN HOME RUN (Flyball, 78XD, EV 99.4 MPH), Distance : 397 ft
Batting: RHB Cisco Jiménez 0-0: Ball
1-0: Ball
2-0: Ball
3-0: Base on Balls
Batting: LHB Gabriel Chacón 0-0: Fielders Choice at 2nd, 4-6 (Groundball, 4, EV 91.9 MPH)
Batting: RHB Francisco Lafrosia 0-0: Called Strike
0-1: Ball
1-1: Ball
2-1: Ball
3-1: Foul Ball, location: 3SF
3-2: Fly out, F3 (Popup, 3L, EV 68.8 MPH)
Batting: LHB Kyle Lynch 0-0: DOUBLE (Line Drive, 78XD, EV 99.4 MPH)
Gabriel Chacón to third
Runner from 3rd tries for Home, SAFE, no throw by LF
Batting: LHB Iemochi Sasaki 0-0: Called Strike
0-1: Called Strike
0-2: 2-RUN HOME RUN (Flyball, 9D, EV 102.5 MPH), Distance : 392 ft
Pitching: RHP Frank Medrano
Batting: RHB Shao-qi Ng 0-0: Called Strike
0-1: Ball
1-1: Ball
2-1: Foul Ball, location: 5F
2-2: DOUBLE (Flyball, 9LD, EV 90.6 MPH)
Batting: RHB Rusty Tucker 0-0: SINGLE (Groundball, 6MD, EV 100.6 MPH)
Shao-qi Ng to third
Runner from 3rd tries for Home, SAFE, throw by CF to home
Batting: RHB Aureliano Cervantes 0-0: Ball
1-0: Ball
2-0: Ball
3-0: Base on Balls
Rusty Tucker to second
Batting: RHB James Cantwell 0-0: Called Strike
0-1: Ball
1-1: Ball
2-1: Foul Ball, location: 2F
2-2: Ball
3-2: 3-RUN HOME RUN (Flyball, 78XD, EV 100.6 MPH), Distance : 385 ft
Pitching: RHP Ricardo Ramírez
Batting: RHB Cisco Jiménez 0-0: Called Strike
0-1: Foul Ball, location: 2F
0-2: Ball
1-2: Ball
2-2: Foul Ball, location: 5SF
2-2: SINGLE (Line Drive, 4MD, EV 99.4 MPH)
Batting: LHB Gabriel Chacón 0-0: Called Strike
0-1: Swinging Strike
0-2: Foul Ball, location: 2F
0-2: Strikes out swinging
Top of the 5th over - 9 runs, 8 hits, 0 errors, 1 left on base; Washington 10 - Chicago 2
BOTTOM OF THE 5TH
Chicago Cubs batting - Pitching for Washington Nationals : RHP Billy Kemper
Batting: RHB Eddie Brown 0-0: Fly out, F8 (Flyball, 8RXD, EV 93.8 MPH)
Batting: LHB Orlando Melero 0-0: Ball
1-0: Called Strike
1-1: Ball
2-1: Ball
3-1: Base on Balls
Batting: LHB Yan Peltier 0-0: Ball
1-0: Ball
2-0: Swinging Strike
2-1: Foul Ball, location: 25FF
2-2: Strikes out swinging
Batting: SHB Jesús Mora 0-0: Ball
1-0: Swinging Strike
1-1: Ball
2-1: Called Strike
Orlando Melero steals 2nd base
2-2: Ball
3-2: Base on Balls
Batting: SHB George Moore 0-0: Swinging Strike
0-1: Swinging Strike
0-2: Ball
1-2: Ball
2-2: Strikes out looking
Bottom of the 5th over - 0 runs, 0 hits, 0 errors, 2 left on base; Washington 10 - Chicago 2
TOP OF THE 6TH
Washington Nationals batting - Pitching for Chicago Cubs : RHP Ricardo Ramírez
Batting: RHB Francisco Lafrosia 0-0: Called Strike
0-1: DOUBLE (Flyball, 8RXD, EV 110.6 MPH)
Batting: LHB Kyle Lynch 0-0: Swinging Strike
0-1: Ball
1-1: SINGLE (Line Drive, 89S, EV 95.0 MPH)
Francisco Lafrosia to third
Batting: LHB Iemochi Sasaki 0-0: Ball
1-0: Foul Ball, location: 7LSF
1-1: Ball
2-1: Swinging Strike
2-2: Foul Ball, location: 7LSF
2-2: Foul Ball, location: 5DF
2-2: Fielders Choice at 2nd, 5-4 (Groundball, 5, EV 82.5 MPH)
Francisco Lafrosia scores
Batting: RHB Shao-qi Ng 0-0: Ball
1-0: Swinging Strike
1-1: Ball
2-1: Foul Ball, location: 9LMFF
2-2: SINGLE (Line Drive, 5D, EV 105.0 MPH)
Iemochi Sasaki to second
Batting: RHB Rusty Tucker 0-0: Ball
1-0: Swinging Strike
1-1: Fly out, F8 (Flyball, 89S, EV 71.9 MPH)
Batting: RHB Aureliano Cervantes 0-0: Swinging Strike
0-1: Ball
1-1: Ball
2-1: Ball
3-1: Base on Balls
Iemochi Sasaki to third
Shao-qi Ng to second
Batting: RHB James Cantwell 0-0: Called Strike
0-1: Swinging Strike
0-2: Foul Ball, location: 2F
0-2: Ball
1-2: Ball
2-2: Fly out, F4 (Popup, 23, EV 88.1 MPH)
Top of the 6th over - 1 run, 3 hits, 0 errors, 3 left on base; Washington 11 - Chicago 2
BOTTOM OF THE 6TH
Chicago Cubs batting - Pitching for Washington Nationals : RHP Billy Kemper
Pitching: RHP Ned Nichols
Batting: RHB Pedro Hernández 0-0: Called Strike
0-1: Foul Ball, location: 3F
0-2: Ball
1-2: Ball
2-2: Foul Ball, location: 2F
2-2: Ball
3-2: Foul Ball, location: 2F
3-2: Strikes out swinging
Batting: RHB Robert Picot 0-0: Called Strike
0-1: Ball
1-1: SINGLE (Groundball, 4MD, EV 99.4 MPH)
Batting: LHB Larry Johnson 0-0: SINGLE (Line Drive, 34D, EV 98.1 MPH)
Robert Picot to second
Runner from 2nd tries for 3rd, SAFE, no throw by RF
Batting: RHB José Rodríguez 0-0: SINGLE (Groundball, 4MD, EV 109.4 MPH)
Robert Picot scores
Larry Johnson to second
Batting: RHB Eddie Brown 0-0: Called Strike
0-1: Ball
1-1: Called Strike
1-2: Fielders Choice at 2nd, 4-6 (Groundball, 4, EV 89.4 MPH)
Larry Johnson to third
Batting: LHB Orlando Melero 0-0: Foul Ball, location: 5SF
0-1: Ground out 1-3 (Groundball, 34S, EV 73.1 MPH)
Bottom of the 6th over - 1 run, 3 hits, 0 errors, 2 left on base; Washington 11 - Chicago 3
TOP OF THE 7TH
Washington Nationals batting - Pitching for Chicago Cubs : RHP Ricardo Ramírez
Pitching: RHP Walton Strickland
Batting: RHB Cisco Jiménez 0-0: Called Strike
0-1: Swinging Strike
0-2: Ball
1-2: Ball
2-2: Foul Ball, location: 2F
2-2: Ground out 6-3 (Groundball, 6, EV 103.8 MPH)
Batting: LHB Gabriel Chacón 0-0: Ball
1-0: Ball
2-0: Foul Ball, location: 7LMF
2-1: Foul Ball, location: 7LSF
2-2: Fly out, F8 (Flyball, 8LD, EV 110.6 MPH)
Batting: RHB Francisco Lafrosia 0-0: Fly out, F8 (Line Drive, 89M, EV 98.8 MPH)
Top of the 7th over - 0 runs, 0 hits, 0 errors, 0 left on base; Washington 11 - Chicago 3
BOTTOM OF THE 7TH
Chicago Cubs batting - Pitching for Washington Nationals : RHP Ned Nichols
Batting: LHB Yan Peltier 0-0: Fly out, F4 (Flyball, 4D, EV 85.6 MPH)
Batting: SHB Jesús Mora 0-0: Ball
1-0: Swinging Strike
1-1: Fly out, F9 (Flyball, 9LD, EV 96.9 MPH)
Batting: SHB George Moore 0-0: Ball
1-0: Called Strike
1-1: Foul Ball, location: 2F
1-2: Ball
2-2: Ball
3-2: Foul Ball, location: 7LMF
3-2: Foul Ball, location: 2F
3-2: Fly out, F8 (Flyball, 8LD, EV 97.5 MPH)
Bottom of the 7th over - 0 runs, 0 hits, 0 errors, 0 left on base; Washington 11 - Chicago 3
TOP OF THE 8TH
Washington Nationals batting - Pitching for Chicago Cubs : RHP Walton Strickland
Batting: LHB Kyle Lynch 0-0: Called Strike
0-1: Ball
1-1: Ball
2-1: Swinging Strike
2-2: Foul Ball, location: 9LMF
2-2: Foul Ball, location: 2F
2-2: Foul Ball, location: 9LSF
2-2: Strikes out swinging
Batting: LHB Iemochi Sasaki 0-0: Swinging Strike
0-1: Called Strike
0-2: Ball
1-2: Ball
2-2: Foul Ball, location: 5F
2-2: Ground out 3-1 (Groundball, 34, EV 104.4 MPH)
Batting: RHB Shao-qi Ng 0-0: Swinging Strike
0-1: Ball
1-1: Swinging Strike
1-2: Strikes out swinging
Top of the 8th over - 0 runs, 0 hits, 0 errors, 0 left on base; Washington 11 - Chicago 3
BOTTOM OF THE 8TH
Chicago Cubs batting - Pitching for Washington Nationals : RHP Ned Nichols
Batting: RHB Pedro Hernández 0-0: Swinging Strike
0-1: SINGLE (Groundball, 6S, EV 64.4 MPH) (infield hit)
Batting: RHB Robert Picot 0-0: Ball
1-0: Ball
2-0: Foul Ball, location: 2F
2-1: Foul Ball, location: 5F
2-2: Foul Ball, location: 25FF
2-2: Foul Ball, location: 5DF
2-2: Strikes out looking
Pitching: RHP Fernando Icaza
Batting: LHB Larry Johnson 0-0: Called Strike
0-1: Foul Ball, location: 3FF
0-2: Ball
1-2: Strikes out swinging
Batting: RHB José Rodríguez 0-0: Called Strike
0-1: Fly out, F4 (Line Drive, 4, EV 66.3 MPH)
Bottom of the 8th over - 0 runs, 1 hit, 0 errors, 1 left on base; Washington 11 - Chicago 3
TOP OF THE 9TH
Washington Nationals batting - Pitching for Chicago Cubs : RHP Walton Strickland
Pitching: RHP Michael Riley
Batting: RHB Rusty Tucker 0-0: Ball
1-0: Ball
2-0: Foul Ball, location: 9LMF
2-1: Ground out 6-3 (Groundball, 6, EV 81.9 MPH)
Batting: RHB Aureliano Cervantes 0-0: Foul Ball, location: 25F
0-1: Foul Ball, location: 9LMF
0-2: Ball
1-2: Ball
2-2: Foul Ball, location: 3SF
2-2: Fly out, F7 (Flyball, 7, EV 98.8 MPH)
Batting: RHB James Cantwell 0-0: Ball
1-0: Ball
2-0: Ball
3-0: Base on Balls
Batting: RHB Cisco Jiménez 0-0: Ball
1-0: Ball
2-0: Ball
3-0: Base on Balls
James Cantwell to second
Batting: LHB Gabriel Chacón 0-0: SINGLE (Line Drive, 7S, EV 107.5 MPH)
James Cantwell to third
Cisco Jiménez to second
Runner from 3rd tries for Home, SAFE, throw by LF to home
Batting: RHB Francisco Lafrosia 0-0: Ball
1-0: Ball
2-0: Called Strike
2-1: Ground out 4-3 (Groundball, 34, EV 82.5 MPH)
Top of the 9th over - 1 run, 1 hit, 0 errors, 2 left on base; Washington 12 - Chicago 3
BOTTOM OF THE 9TH
Chicago Cubs batting - Pitching for Washington Nationals : RHP Fernando Icaza
Now at 3B: Gabriel Morán
Batting: RHB Eddie Brown 0-0: Ball
1-0: Ground out U3 (Groundball, 3, EV 73.8 MPH)
Batting: LHB Orlando Melero 0-0: Ground out U3 (Groundball, 13, EV 90.6 MPH)
Batting: LHB Yan Peltier 0-0: Ball
1-0: Ball
2-0: Ground out 5-3 (Groundball, 56S, EV 80.0 MPH)
Bottom of the 9th over - 0 runs, 0 hits, 0 errors, 0 left on base; Washington 12 - Chicago 3
Monday, April 15th , 2024 - OOTP Baseball 24.10 Build 82